 Dungeon Crawl Stone Soup version 0.24.0-123-gd5b16e6ec5 (webtiles) character file.

Game seed: 3523861224648759722, levelgen mode: deterministic

131565 Peloso the Tortoise (level 16, -1/151 HPs)
             Began as a Minotaur Fighter on Dec 27, 2019.
             Was the Champion of Okawaru.
             Slain by a large slime creature (30 damage)
             ... on level 1 of the Swamp.
             The game lasted 01:28:21 (28093 turns).

Peloso the Tortoise (Minotaur Fighter)             Turns: 28093, Time: 01:28:21

Health: -1/151     AC: 28    Str: 24    XL:     16   Next: 55%
Magic:  16/16      EV: 11    Int:  9    God:    Okawaru [******]
Gold:   1862       SH: 15    Dex: 19    Spells: 15/15 levels left

rFire    . . .     SeeInvis .   b - +8 arc blade {discharge, rElec}
rCold    + . .     Gourm    .   c - +0 shield
rNeg     . . .     Faith    .   X - +2 plate armour {rC+}
rPois    +         Spirit   .   A - +1 hat
rElec    +         Reflect  .   W - scarf {cloud immunity}
rCorr    +         Harm     .   o - +2 pair of gloves of Prudence {rCorr Int+4}
MR       +....                  O - +2 pair of boots of the Assassin {Detection Stab+ Stlth++}
Stlth    ..........             (no amulet)
HPRegen  0.35/turn              h - ring of poison resistance
MPRegen  0.15/turn              C - +5 ring of dexterity

@: about to teleport
A: retaliatory headbutt, horns 2
a: Heroism, Finesse, Renounce Religion


You were on level 1 of the Swamp.
You worshipped Okawaru.
Okawaru was exalted by your worship.
You were not hungry.

You visited 5 branches of the dungeon, and saw 26 of its levels.
You visited 1 bazaar.
You also visited: Ossuary, Bailey, Ice Cave and Volcano.

You collected 3013 gold pieces.
You spent 1151 gold pieces at shops.

Inventory:

Hand Weapons
 a - a +0 double sword
 b - the +8 arc blade (weapon) {discharge, rElec}
   (You found it on level 4 of the Dungeon)

   It insulates you from electricity.
Armour
 c - a +0 shield (worn)
 o - the +2 pair of gloves of Prudence (worn) {rCorr Int+4}
   (You bought it in a shop on level 2 of the Orcish Mines)

   It affects your intelligence (+4).
   It provides partial protection from all sources of acid and corrosion.
 r - a +3 plate armour of fire resistance
 A - a +1 hat (worn)
 O - the +2 pair of boots of the Assassin (worn) {Detection Stab+ Stlth++}
   (Okawaru gifted it to you on level 6 of the Lair of Beasts)

   It makes you much more stealthy.
 W - a scarf of cloud immunity (worn)
 X - a +2 plate armour of cold resistance (worn)
Jewellery
 g - an uncursed ring of flight
 h - a ring of poison resistance (left hand)
 k - an uncursed ring of resist corrosion
 p - the ring "Ytocwo" {MR+ Int+2}
   (You took it off an orc wizard on level 9 of the Dungeon)

   [ring of protection from magic]

   It affects your intelligence (+2).
   It affects your resistance to hostile enchantments.
 C - a +5 ring of dexterity (right hand)
Wands
 u - a wand of flame (17)
 y - a wand of digging (1)
Scrolls
 e - 6 scrolls of magic mapping
 l - 5 scrolls of teleportation
 q - a scroll of enchant weapon
 s - 7 scrolls of remove curse
 H - 3 scrolls of blinking
 N - 2 scrolls of noise
 U - a scroll of random uselessness {unknown}
 Y - 3 scrolls of enchant armour {unknown}
Potions
 d - 5 potions of might
 i - a potion of ambrosia
 j - 2 potions of heal wounds
 m - 6 potions of berserk rage
 n - 13 potions of curing
 z - 7 potions of haste
 E - 5 potions of agility
 L - 2 potions of magic {unknown}
 P - 3 potions of mutation
 Q - a potion of resistance {unknown}
 T - 3 potions of brilliance {unknown}
Comestibles
 f - 29 rations
 t - 3 chunks of flesh


   Skills:
 + Level 15.9 Fighting
 + Level 16.1(16.5) Short Blades
 + Level 7.6(13.6) Long Blades
   Level 0.2 Polearms
 + Level 17.3 Armour
 + Level 4.8 Dodging
 + Level 3.4 Stealth
 + Level 16.5 Shields
 + Level 1.1 Invocations
 + Level 1.7 Evocations


You had 15 spell levels left.
You didn't know any spells.
Your spell library contained the following spells:

 Spells                   Type           Power        Failure   Level  Hunger
 Animate Skeleton         Necr           N/A          95%         1    ##.....
 Apportation              Tloc           #.....       95%         1    ##.....
 Confusing Touch          Hex            #.....       95%         1    ##.....
 Corona                   Hex            #......      95%         1    ##.....
 Freeze                   Ice            #...         95%         1    ##.....
 Summon Small Mammal      Summ           #...         95%         1    ##.....
 Ensorcelled Hibernation  Hex/Ice        #.....       99%         2    ###....
 Sublimation of Blood     Necr           #.........   99%         2    ###....
 Throw Frost              Conj/Ice       #.....       99%         2    ###....
 Confuse                  Hex            #.......     100%        3    ####...
 Dazzling Spray           Conj/Hex       #.....       100%        3    ####...
 Ozocubu's Armour         Chrm/Ice       #.......     100%        3    ####...
 Summon Guardian Golem    Hex/Summ       #.......     100%        3    ####...
 Tukima's Dance           Hex            #.......     100%        3    ####...
 Vampiric Draining        Necr           #.........   100%        3    ####...
 Ice Form                 Ice/Tmut       #.......     100%        4    #####..
 Summon Ice Beast         Ice/Summ       #.......     100%        4    #####..
 Throw Icicle             Conj/Ice       #.......     100%        4    #####..
 Irradiate                Conj/Tmut      #.........   100%        5    ######.
 Metabolic Englaciation   Hex/Ice        #.........   100%        5    ######.
 Bolt of Cold             Conj/Ice       #.........   100%        6    #######
 Freezing Cloud           Conj/Ice/Air   #.........   100%        6    #######
 Hydra Form               Tmut           #.........   100%        6    #######
 Ozocubu's Refrigeration  Ice            #.........   100%        6    #######
 Simulacrum               Ice/Necr       #.........   100%        6    #######
 Statue Form              Tmut/Erth      #........    100%        6    #######
 Dragon Form              Tmut           #.........   100%        7    #######


Dungeon Overview and Level Annotations

Branches:
Dungeon (15/15)            Temple (1/1) D:4            Lair (6/6) D:9
  Swamp (2/4) Lair:3       Spider (0/4) Lair:3        Slime (0/5) Lair:6
    Orc (2/2) D:9             Elf (0/3) Orc:2        Vaults (0/5) D:13
 Depths (0/5) D:15        Ossuary (visited)          Bailey (visited)
  IceCv (visited)         Volcano (visited)

Altars:
Ashenzari
Cheibriados
Dithmenos
Elyvilon
Fedhas
Gozag
Hepliaklqana
Kikubaaqudgha
Makhleb
Nemelex Xobeh
Okawaru
Qazlal
Ru
Sif Muna
Trog
Uskayaw
Vehumet
Wu Jian
Xom
Yredelemnul
Zin
The Shining One
Beogh

Shops:
D:9 [   Orc:1 :   Orc:2 !}![

Portals:
Trove: D:11 (give horn of Geryon)


Innate Abilities, Weirdness & Mutations

You reflexively headbutt those who attack you in melee.
You have a pair of horns on your head.


Message History

The slime creature barely misses you. You furiously retaliate!
You headbutt the slime creature!
The large slime creature hits you but does no damage.
The swamp dragon bites you but does no damage.
The swamp dragon claws you but does no damage.
You block the swamp dragon's attack.
The large slime creature closely misses you.
You furiously retaliate!
You headbutt the large slime creature! The slime creature hits you!
* * * LOW HITPOINT WARNING * * *
As you read the scroll of teleportation, it crumbles to dust.
You feel strangely unstable.
Two slime creatures merge to form a large slime creature.
A large slime creature splits.
You block the slime creature's attack.
The swamp dragon bites you but does no damage.
The swamp dragon barely misses you. You block the swamp dragon's attack.
The slime creature hits you!
* * * LOW HITPOINT WARNING * * *
The large slime creature hits you!!
You die...

♣ .J ♣♣♣♣♣
≈≈≈ ....♣≈
≈≈. ≈.≈≈.≈
.J♣ ♣♣♣♣
≈.≈..≈
♣♣.♣♣♣...♣
..≈...
♣♣♣.≈.♣≈.≈.♣
≈≈..♣
....≈≈JJJ..♣♣
♣♣♣♣♣
≈.≈≈≈.>@J≈≈.♣
♣≈.≈..≈JD≈.♣♣
♣♣♣♣......≈♣
♣♣♣♣♣♣♣♣♣


You could see a swamp dragon, 2 large slime creatures and 5 slime creatures.

Vanquished Creatures
  Nikola (Swamp:1)
  Jorgrun (D:12)
  Rupert (Orc:2)
  A thorn hunter (Swamp:1)
  Frances (D:14)
  A fire giant (D:15)
  A dire elephant (Lair:6)
  3 ettins (Orc:2)
  Snorg (Lair:4)
  A fire dragon (D:14)
  Josephine (D:10)
  Erolcha (Orc:2)
  Fannar (D:10)
  A rakshasa (D:15)
  A vault guard (D:13)
  An ice dragon (Lair:6)
  7 hydras
  3 catoblepae (Lair:6)
  3 centaur warriors
  2 ogre magi
  3 death yaks (Lair:6)
  3 alligators (Swamp:1)
  12 two-headed ogres
  Urug (D:10)
  An orc high priest (Orc:2)
  Sonja (Orc:1)
  Nergalle (Orc:2)
  2 unseen horrors (D:9)
  5 skeletal warriors (D:14)
  A hell knight (Volcano)
  2 wizards
  A lindwurm (Lair:6)
  An oklob plant (Lair:6)
  4 necromancers
  8 ugly things
  Pikel (D:9)
  2 deep elf magi (D:13)
  8 orc sorcerers (Orc:2)
  2 cyclopes
  3 manticores
  An ice statue (IceCv)
  5 elephants
  Maurice (D:13)
  5 black mambas
  2 gargoyles
  9 torpor snails
  Joseph (D:10)
  5 molten gargoyles (D:14)
  16 spiny frogs
  2 kobold demonologists
  10 freezing wraiths (IceCv)
  A yaktaur (D:13)
  A rime drake (Lair:4)
  11 komodo dragons
  8 trolls
  A queen bee (shapeshifter) (D:15)
  2 polar bears
  A tengu conjurer (D:14)
  A harpy skeleton (D:14)
  Grinder (D:4)
  11 hippogriffs
  5 tyrant leeches
  25 blink frogs
  2 dream sheep (Lair:6)
  6 hornets (Lair:6)
  A bog body (Swamp:1)
  8 slime creatures
  2 shadows
  68 yaks
  4 wraiths (D:10)
  A vampire (D:12)
  A redback (Lair:3)
  17 humans (D:13)
  2 basilisks
  2 wyverns
  2 death yak simulacra (IceCv)
  3 steam dragons (D:7)
  4 vampire mosquitoes
  2 hungry ghosts
  2 soldier ants
  5 insubstantial wisps (Swamp:1)
  6 swamp worms
  3 acid dragons
  13 water moccasins
  16 orc warriors
  9 porcupines
  2 eyes of draining
  5 phantoms
  2 necrophages
  9 ice beasts
  5 sky beasts
  6 black bears
  An ogre (shapeshifter) (D:13)
  10 wolves
  14 ogres
  11 centaurs
  16 crocodiles
  5 big kobolds
  Blork the orc (D:3)
  20 bullfrogs
  8 gnoll sergeants (Bailey)
  4 scorpions
  9 killer bees
  A swamp dragon simulacrum (IceCv)
  3 wights (D:10)
  An elephant simulacrum (IceCv)
  An electric eel (Lair:3)
  8 howler monkeys
  6 crimson imps
  3 centaur zombies
  A lava snake (D:14)
  5 draconian simulacra (IceCv)
  7 jellies
  15 orc priests
  6 gnoll shamans (Bailey)
  9 hounds
  37 orc wizards
  6 centaur skeletons
  7 iguanas
  Terence (D:3)
  4 hell rats (Lair:3)
  A spriggan simulacrum (IceCv)
  3 troll simulacra (IceCv)
  9 worker ants
  4 big kobold zombies (Ossuary)
  4 centaur simulacra (IceCv)
  2 hound skeletons
  A mummy (Ossuary)
  Robin (D:3)
  14 gnolls (Bailey)
  2 worker ant zombies
  19 adders
  5 naga simulacra (IceCv)
  2 ogre simulacra (IceCv)
  4 shadow imps
  24 white imps
  An ooze (D:2)
  An adder zombie (D:9)
  3 adder skeletons
  6 worms
  4 dart slugs
  8 leopard geckos
  67 orcs
  2 spectral bats (Ossuary)
  A ball python (D:9)
  7 bats
  6 giant cockroaches
  8 gnoll zombies (Ossuary)
  16 goblins
  10 hobgoblins
  9 jackals
  26 kobolds
  6 quokkas
  3 bat simulacra (Ossuary)
  3 frilled lizards
  3 goblin simulacra (Ossuary)
  7 goblin zombies (Ossuary)
  4 hobgoblin zombies (Ossuary)
  7 kobold simulacra (Ossuary)
  3 kobold zombies (Ossuary)
  2 leopard gecko skeletons
  4 orc zombies (Ossuary)
  2 quokka skeletons
  13 rats
  3 rat simulacra (Ossuary)
  5 spectral goblins (Ossuary)
  3 spectral kobolds (Ossuary)
  3 spectral rats (Ossuary)
  6 briar patches (Swamp:1)
  3 bushes (D:13)
  A butterfly (Lair:6)
  3 fungi
  4 plants
1006 creatures vanquished.

Vanquished Creatures (others)
  A swamp worm (Swamp:1)
  A black bear (D:9)
  2 slaves (D:9)
  An ogre (D:9)
  A big kobold (D:9)
  A crimson imp (D:9)
  2 orc wizards
  An adder skeleton (D:9)
  4 orcs
  3 kobolds (D:9)
  A briar patch (Swamp:1)
  6 fungi
  5 plants
29 creatures vanquished.

Grand Total: 1035 creatures vanquished

Notes
Turn   | Place    | Note
-------+----------+-------------------------------------------
     0 | D:1      | Peloso the Minotaur Fighter began the quest for the Orb.
     0 | D:1      | Reached XP level 1. HP: 19/19 MP: 0/0
   120 | D:1      | Reached XP level 2. HP: 23/27 MP: 1/1
   200 | D:1      | Reached skill level 4 in Armour
   526 | D:1      | Reached XP level 3. HP: 33/33 MP: 2/2
  1082 | D:2      | Reached XP level 4. HP: 39/40 MP: 3/3
  1248 | D:2      | Noticed a bullfrog
  1258 | D:2      | Killed a bullfrog
  1258 | D:2      | Reached XP level 5. HP: 32/47 MP: 4/4
  1673 | D:3      | Noticed Terence
  1695 | D:3      | Killed Terence
  1908 | D:3      | Noticed Robin
  1926 | D:3      | Killed Robin
  1926 | D:3      | Reached skill level 5 in Armour
  2464 | D:3      | Found a basalt altar of Yredelemnul.
  2491 | D:3      | Noticed Blork the orc
  2499 | D:3      | Found a shimmering blue altar of Sif Muna.
  2514 | D:3      | Killed Blork the orc
  2514 | D:3      | Reached skill level 5 in Shields
  2514 | D:3      | Reached XP level 6. HP: 42/55 MP: 5/5
  2704 | D:4      | Found a sand-covered staircase.
  2713 | Ossuary  | Entered an ossuary
  2893 | Ossuary  | Reached skill level 5 in Long Blades
  2985 | Ossuary  | Reached skill level 5 in Fighting
  3034 | Ossuary  | Reached skill level 1 in Dodging
  3184 | D:4      | Found a staircase to the Ecumenical Temple.
  3283 | Temple   | Entered the Ecumenical Temple
  3435 | D:4      | Reached XP level 7. HP: 48/61 MP: 6/6
  3455 | D:4      | Found the +8 arc blade {discharge, rElec}
  3503 | D:4      | Noticed Grinder
  3511 | D:4      | Killed Grinder
  3511 | D:4      | Reached skill level 1 in Short Blades
  3511 | D:4      | Reached skill level 6 in Armour
  4105 | D:5      | Entered Level 5 of the Dungeon
  4243 | D:5      | Found an opulent altar of Gozag.
  4471 | D:5      | Reached XP level 8. HP: 68/70 MP: 7/7
  4521 | D:5      | Reached skill level 7 in Armour
  4906 | D:6      | Identified the Collected Works on Lethal Summoning
  4924 | D:6      | Found an ancient bone altar of Kikubaaqudgha.
  4924 | D:6      | Found an ornate altar of the Wu Jian Council.
  5432 | D:7      | Reached skill level 5 in Short Blades
  5432 | D:7      | Reached skill level 8 in Armour
  5432 | D:7      | Reached XP level 9. HP: 68/78 MP: 5/8
  5995 | D:7      | Reached skill level 9 in Armour
  6002 | D:7      | Reached skill level 1 in Stealth
  6029 | D:7      | Found a bloodstained altar of Trog.
  6802 | D:8      | Found an iron altar of Okawaru.
  6815 | D:8      | Reached XP level 10. HP: 77/86 MP: 6/9
  6821 | D:8      | Became a worshipper of Warmaster Okawaru
  6912 | D:8      | Found a hazy altar of Hepliaklqana.
  7204 | D:8      | Reached * piety under Okawaru
  7471 | D:8      | Found a shattered altar of Ashenzari.
  7631 | D:9      | Noticed a two-headed ogre
  7639 | D:9      | Killed a two-headed ogre
  7639 | D:9      | Reached skill level 10 in Armour
  7663 | D:9      | Found a staircase to the Orcish Mines.
  7664 | D:9      | Noticed Pikel
  7682 | D:9      | Reached ** piety under Okawaru
  7692 | D:9      | Killed Pikel
  7744 | D:9      | Reached *** piety under Okawaru
  7744 | D:9      | Reached XP level 11. HP: 61/94 MP: 7/10
  7750 | D:9      | Found a flagged portal.
  7759 | D:9      | Got a scorched spear
  7762 | Bailey   | Entered a bailey
  7936 | Bailey   | Reached skill level 10 in Shields
  8132 | Bailey   | Reached skill level 11 in Armour
  8148 | Bailey   | Got a scorched cloak
  8154 | Bailey   | Identified the +2 cloak of the Gusle {rF+ Regen+ Str-4}
                  | (You found it in a bailey)
  8548 | D:9      | Identified the +11 spear "Torghih" {flame, rElec rC- Str+4}
                  | (You found it on level 9 of the Dungeon)
  8573 | D:9      | Found Kotauru's Armour Emporium.
  8607 | D:9      | Identified the ring "Ytocwo" {MR+ Int+2}
  8699 | D:9      | Found a staircase to the Lair.
  8706 | D:9      | Reached skill level 10 in Short Blades
  8725 | D:9      | Noticed a two-headed ogre
  8731 | D:9      | Killed a two-headed ogre
  8755 | D:9      | Found a sacrificial altar of Ru.
  8838 | D:9      | Killed an unseen horror
  8838 | D:9      | Reached **** piety under Okawaru
  8967 | D:9      | Killed an unseen horror
  9122 | D:9      | Noticed a two-headed ogre
  9127 | D:9      | Killed a two-headed ogre
  9197 | D:10     | Entered Level 10 of the Dungeon
  9209 | D:10     | Noticed Josephine
  9233 | D:10     | Killed Josephine
  9233 | D:10     | Reached ***** piety under Okawaru
  9312 | D:10     | Reached skill level 12 in Armour
  9344 | D:10     | Noticed Urug
  9356 | D:10     | Killed Urug
  9447 | D:10     | Reached XP level 12. HP: 77/106 MP: 9/11
  9499 | D:10     | Noticed Fannar
  9501 | D:10     | Noticed a two-headed ogre
  9522 | D:10     | Killed Fannar
  9524 | D:10     | Killed a two-headed ogre
  9874 | D:10     | Noticed Joseph
  9887 | D:10     | Killed Joseph
  9887 | D:10     | Reached skill level 10 in Fighting
  9895 | D:10     | Received a gift from Okawaru
  9905 | D:10     | Got a warped longbow {god gift}
 10491 | Lair:1   | Entered Level 1 of the Lair of Beasts
 10539 | Lair:1   | Found a dark tunnel.
 10573 | Volcano  | Entered a volcano
 10613 | Volcano  | Noticed a two-headed ogre
 10615 | Volcano  | Noticed a two-headed ogre
 10615 | Volcano  | Noticed an ogre mage
 10619 | Volcano  | Killed a two-headed ogre
 10623 | Volcano  | Killed a two-headed ogre
 10628 | Volcano  | Killed an ogre mage
 10666 | Volcano  | Noticed a two-headed ogre
 10676 | Volcano  | Killed a two-headed ogre
 10697 | Volcano  | Noticed a two-headed ogre
 10701 | Volcano  | Killed a two-headed ogre
 10989 | Lair:1   | Reached ****** piety under Okawaru
 11368 | Lair:1   | Identified the +6 longbow "Nineneot" {velocity, rElec MR-
                  | SInv} (Okawaru gifted it to you on level 10 of the Dungeon)
 11936 | Lair:2   | Received a gift from Okawaru
 11960 | Lair:2   | Reached XP level 13. HP: 114/116 MP: 12/12
 12193 | Lair:2   | Reached skill level 13 in Armour
 12541 | Lair:2   | Found a snail-covered altar of Cheibriados.
 12986 | Lair:3   | Found a hole to the Spider Nest.
 13503 | Lair:3   | Found a staircase to the Swamp.
 13684 | D:11     | Found a portal to a secret trove of treasure.
 14557 | D:12     | Found a frozen archway.
 14589 | IceCv    | Entered an ice cave
 14626 | IceCv    | Received a gift from Okawaru
 14633 | IceCv    | Got a translucent great sword {god gift}
 15012 | IceCv    | Found an ancient bone altar of Kikubaaqudgha.
 15647 | D:12     | Received a gift from Okawaru
 15710 | D:12     | Received a gift from Okawaru
 15756 | D:12     | Reached XP level 14. HP: 112/127 MP: 13/13
 15779 | D:12     | Noticed Jorgrun
 15795 | D:12     | Killed Jorgrun
 15795 | D:12     | Reached skill level 14 in Armour
 16408 | Lair:1   | Identified the +11 great sword "Cumuyssa" {flame, Fragile
                  | Dex+7} (Okawaru gifted it to you in an ice cave)
 16706 | D:13     | Found a flickering gateway to a bazaar.
 16717 | Bazaar   | Entered a bazaar
 16731 | Bazaar   | Found Coyty's Antique Armour Emporium.
 16731 | Bazaar   | Found Buadez's General Store.
 16754 | Bazaar   | Found Moeby's Weapon Shoppe.
 16773 | Bazaar   | Found Deunwedgh's Assorted Antiques.
 16778 | Bazaar   | Bought a viscous puce potion for 30 gold pieces
 16791 | Bazaar   | Found Eggoub's Antique Armour Shoppe.
 16830 | Bazaar   | Bought a polished chain mail for 275 gold pieces
 16842 | Bazaar   | Identified the +2 chain mail of Fojedgh {rN+} (You bought
                  | it in a shop in a bazaar)
 16925 | Bazaar   | Bought a scroll labeled TIROBLE ACIA for 34 gold pieces
 17026 | D:13     | Noticed Maurice
 17043 | D:13     | Killed Maurice
 17257 | D:13     | Identified the +1 robe of Sew Lisup {+Inv Regen+}
 17767 | D:13     | Found a gate to the Vaults.
 17881 | D:14     | Received a gift from Okawaru
 18336 | D:14     | Noticed Frances
 18352 | D:14     | Killed Frances
 18352 | D:14     | Reached skill level 15 in Shields
 18502 | D:14     | Found a blossoming altar of Fedhas.
 18546 | D:14     | Reached skill level 15 in Armour
 18616 | D:14     | Reached XP level 15. HP: 48/137 MP: 11/14
 18629 | D:14     | Reached skill level 1 in Invocations
 18632 | D:14     | Received a gift from Okawaru
 19419 | D:15     | Entered Level 15 of the Dungeon
 19445 | D:15     | Reached skill level 15 in Short Blades
 19519 | D:15     | Found a blossoming altar of Fedhas.
 19583 | D:15     | Got an ancient great sword
 19805 | D:15     | Found a staircase to the Depths.
 19805 | D:15     | Noticed a fire giant
 19823 | D:15     | Killed a fire giant
 20264 | Lair:1   | Identified the +4 great sword of Risk Management
                  | {antimagic, rC+ rN+ Int-5} (You found it on level 15 of the
                  | Dungeon)
 20820 | Lair:4   | Noticed Snorg
 20835 | Lair:4   | Killed Snorg
 22145 | Lair:6   | Entered Level 6 of the Lair of Beasts
 22369 | Lair:6   | Received a gift from Okawaru
 22495 | Lair:6   | Reached skill level 16 in Armour
 22856 | Lair:6   | Received a gift from Okawaru
 22857 | Lair:6   | Found the +2 pair of boots of the Assassin {Detection Stab+
                  | Stlth++}
 23378 | Lair:6   | Reached skill level 1 in Evocations
 23492 | Lair:6   | Found a staircase to the Slime Pits.
 24110 | Lair:6   | Found a runed translucent door.
 24149 | Lair:6   | Reached skill level 15 in Fighting
 24861 | Lair:1   | Identified a scroll of acquirement
 24970 | Orc:1    | Entered Level 1 of the Orcish Mines
 25023 | Orc:1    | Reached XP level 16. HP: 126/149 MP: 16/16
 25023 | Orc:1    | Noticed Sonja
 25029 | Orc:1    | Killed Sonja
 25150 | Orc:1    | Found Fuilue's Book Boutique.
 25473 | Orc:2    | Entered Level 2 of the Orcish Mines
 25498 | Orc:2    | Noticed Rupert
 25511 | Orc:2    | Killed Rupert
 25512 | Orc:2    | Found a staircase to the Elven Halls.
 25615 | Orc:2    | Paralysed by an orc sorcerer for 3 turns
 25630 | Orc:2    | Reached skill level 17 in Armour
 26237 | Orc:2    | Paralysed by an orc sorcerer for 3 turns
 26409 | Orc:2    | Found Ofuxzuyn's Distillery.
 26416 | Orc:2    | Bought a potion of heal wounds for 70 gold pieces
 26416 | Orc:2    | Bought a potion of cancellation for 112 gold pieces
 26416 | Orc:2    | Bought a potion of mutation for 112 gold pieces
 26416 | Orc:2    | Bought a potion of might for 56 gold pieces
 26427 | Orc:2    | Found Qidghopu's Antique Armour Emporium.
 26432 | Orc:2    | Received a gift from Okawaru
 26443 | Orc:2    | Bought a pair of scorched gloves for 332 gold pieces
 26453 | Orc:2    | Identified the +2 pair of gloves of Prudence {rCorr Int+4}
                  | (You bought it in a shop on level 2 of the Orcish Mines)
 26677 | Orc:2    | Found a radiant altar of Vehumet.
 26682 | Orc:2    | Noticed Erolcha
 26693 | Orc:2    | Killed Erolcha
 26695 | Orc:2    | Found Bufuedd's Gadget Shoppe.
 26710 | Orc:2    | Noticed Nergalle
 26722 | Orc:2    | Killed Nergalle
 26730 | Orc:2    | Found an ancient bone altar of Kikubaaqudgha.
 26909 | Orc:2    | Found a roughly hewn altar of Beogh.
 26935 | Orc:2    | Found Rimoheidi's Distillery.
 26949 | Orc:2    | Bought a potion of berserk rage for 50 gold pieces
 26949 | Orc:2    | Bought 2 potions of might for 80 gold pieces
 27380 | Swamp:1  | Entered Level 1 of the Swamp
 27380 | Swamp:1  | Noticed a thorn hunter
 27396 | Swamp:1  | Killed a thorn hunter
 27556 | Swamp:1  | Noticed Nikola
 27735 | Swamp:1  | Killed Nikola
 27958 | Swamp:1  | You fall into a shaft and drop 1 floor!
 28093 | Swamp:1  | Slain by a large slime creature

Levels and vault maps discovered:
D:1:      dpeg_arrival_signposts, layout_basic
D:2:      layout_basic
D:3:      layout_basic, lemuel_round_altar, tgw_sif, uniq_robin, uniq_terence
D:4:      kennysheep_spiral_hall, layout_gridville, minmay_temple_entry_wispy,
          nicolae_ossuary_entry_monument, first_ration, uniq_grinder
D:5:      layout_basic, hangedman_decor_riveting, grunt_gozag_statues
D:6:      layout_basic, gammafunk_temple_overflow_elements
D:7:      cheibrodos_steamvent, layout_layer_cave, trog_ov_bears_minmay,
          grunt_ogre_cave, nrook_loot_triangle, minmay_starry_boxes
D:8:      layout_loops_corners, lemuel_round_altar, okawaru_gym_becter,
          lemuel_doored_altar
D:9:      minmay_the_grid_square_5x5_3x3 [minmay_the_grid_square_5x5_slash,
          minmay_the_grid_square_5x5_n_small, minmay_the_grid_square_5x5_bite,
          minmay_the_grid_square_5x5_beaten_path,
          minmay_the_grid_square_5x5_megaprize_open,
          minmay_the_grid_square_5x5_one_wall,
          minmay_the_grid_square_5x5_hourglass,
          minmay_the_grid_square_5x5_two_walls_a,
          minmay_the_grid_square_5x5_inverted_slash], layout_cave_pools,
          grunt_lair_entry_orc_guard_hut, orc_david_3, enter_bailey_2,
          nicolae_ru_great_annihilating_truth, uniq_pikel
D:10:     layout_long_grid, uniq_urug, uniq_fannar, uniq_josephine, uniq_joseph
D:11:     layout_gridville, nicolae_trove_entry_diagonal, minmay_misc_feat_x
D:12:     layout_loops_corners, portal_ice_cave_entry_imps, bh_walls_and_bars,
          uniq_jorgrun
D:13:     layout_roguey, grunt_vaults_entry_tiered, serial_shops,
          bzr_in_the_mist, minmay_hedge_maze, uniq_maurice
D:14:     layout_loops_cross, hangedman_abyss_or_decor_clamps, basic_altar,
          st_stairs_14, nicolae_twisting_strands, minivault_8, uniq_frances
D:15:     grunt_enter_depths_giant_problem, layout_irregular_city,
          minivault_25_ag, fedhas_altar_2
Temple:   eino_wide_crystal_templ
Lair:1:   layout_chaotic_city, nicolae_volcano_entry_two_sided,
          minmay_stone_trees_small, beast_lair_carwin_1, grunt_megastairs_2
Lair:2:   layout_regular_city, kennysheep_snail_temple, lemuel_fruit_fields
Lair:3:   layout_long_grid, nicolae_swamp_entry_splash_gauntlet,
          spider_nest_entry_webs
Lair:4:   layout_regular_city, uniq_snorg
Lair:5:   layout_concentric_octagons
Lair:6:   wormcave, layout_regular_city, hangedman_lair_in_review,
          minmay_slime_entry_oklob_enclosed, lemuel_fruit_fields
Swamp:1:  layout_basic_swamp, serial_swamp_ruin, evilmike_swamp_ruin_house_4,
          hangedman_swamp_ruin_wall, swamp_pool2, uniq_nikola
Swamp:2:  layout_basic_swamp, evilmike_swamp_ruin_house_3, swamp_pool1
Orc:1:    layout_caves, serial_shops, shop, uniq_sonja
Orc:2:    kennysheep_orc_mage_school, layout_diamond_mine, uniq_rupert

Skill      XL: |  1  2  3  4  5  6  7  8  9 10 11 12 13 14 15 16 |
---------------+-------------------------------------------------+-----
Shields        | 4 5 6 7 8 9 11 12 13 15 16 | 16.5
Armour         | 4 5 6 8 9 10 12 13 15 16 17 | 17.3
Fighting       | 4 5 6 7 8 9 11 12 13 15 | 15.9
Long Blades    | 3 4 5 6 7 |  7.6
Dodging        | 1 2 3 4 |  4.8
Short Blades   | 2 5 7 9 10 12 14 15 16 | 16.1
Stealth        | 2 3 |  3.4
Invocations    | 1 |  1.1
Evocations     | 1 |  1.7
Polearms       | |  0.2

Action                   |  1- 3 |  4- 6 |  7- 9 | 10-12 | 13-15 | 16-18 || total
-------------------------+-------+-------+-------+-------+-------+-------++-------
Melee: Long sword        |   108 |   284 |     5 |       |       |       ||   397
       Headbutt          |    15 |    74 |    35 |   117 |   338 |    70 ||   649
       Rapier            |       |       |   193 |   448 |  1156 |   266 ||  2063
       Falchion          |       |       |     7 |    24 |       |       ||    31
       Spear             |       |       |       |       |     5 |       ||     5
Invok: Heroism           |       |       |       |       |     7 |     1 ||     8
Evoke: Wand              |       |       |       |     5 |     7 |       ||    12
  Use: Scroll            |     3 |     1 |       |    10 |    18 |     2 ||    34
       Potion            |     1 |     1 |       |     1 |     5 |     1 ||     9
 Stab: Paralysed         |       |       |       |     1 |       |       ||     1
       Petrified         |       |       |       |       |     3 |       ||     3
       Distracted        |       |       |       |       |     1 |       ||     1
  Eat: Chunk             |       |     6 |     9 |    18 |    27 |    10 ||    70
       Ration            |       |     1 |       |       |     4 |       ||     5
Armor: Scale mail        |    42 |       |       |       |       |       ||    42
       Chain mail        |    24 |   125 |    94 |    60 |       |       ||   303
       Plate armour      |       |       |       |   135 |   483 |   108 ||   726
Dodge: Dodged            |    27 |    68 |    51 |   117 |   338 |    78 ||   679
       Deflected         |       |       |       |       |     2 |       ||     2
Block: Shield            |    72 |   134 |   124 |   312 |   362 |   142 ||  1146
       Rpst.: Long sword |    14 |    28 |       |       |       |       ||    42
       Falchion          |       |       |     1 |     1 |       |       ||     2
